 Dungeon Sprint DCSS version 0.32-a0-571-gec57dfcd37 (webtiles) character file.

Game seed: 8301171243459587348

3 rocky1 the Firebug (level 1, 0/22 HPs)
             Began as a Mountain Dwarf Fire Elementalist on Mar 1, 2024.
             Slain by a scorpion (6 damage)
             ... in the Dungeon (Sprint III: "The Ten Rune Challenge").
             The game lasted 00:01:12 (123 turns).

rocky1 the Firebug (MDFE)                            Turns: 123, Time: 00:01:13

Health: 0/22       AC:  2    Str: 10    XL:     1   Next: 41%
Magic:  3/3        EV: 11    Int: 15    God:
Gold:   0          SH:  0    Dex: 10    Spells: 3/4 levels left

rFire   . . .        i - +0 hand axe
rCold   . . .        (no shield)
rNeg    . . .        a - +0 robe
rPois   .            (no helmet)
rElec   .            (no cloak)
rCorr   .            (no gloves)
SInv    .            (no boots)
Will    .....        (no amulet) Stlth
                     (no ring)
HPRegen 0.23/turn    (no ring)
MPRegen 0.08/turn

%: no teleportation
@: berserking (expiring), very quick
A: runic magic, artefact enchanting
a: no special abilities


You were in the Dungeon.
You visited 1 branch

Inventory:

Hand Weapons
 h - a +0 spear
 i - a +0 hand axe (weapon)
Armour
 a - a +0 robe (worn)
Scrolls
 g - a scroll of blinking
Potions
 b - 3 potions of magic
 c - a potion of curing
 d - a potion of heal wounds
 e - a potion of haste


   Skills:
 * Level 0.4 Fighting
 * Level 0.2 Axes
 - Level 1.3 Dodging
 - Level 1.4 Stealth
 + Level 2.2 Spellcasting
 + Level 1.0 Conjurations
 + Level 4.5 Fire Magic


You had 3 spell levels left.
You knew the following spells:

 Your Spells              Type           Power      Damage    Failure   Level
a - Foxfire               Conj/Fire      40%        2x1d6     7%          1

Your spell library contained the following spells:

 Spells                   Type           Power      Damage    Failure   Level
 Scorch                   Fire           30%        2d6       4%          2
 Inner Flame              Hex/Fire       8%         N/A       26%         3
 Volatile Blastmotes      Fire/Tloc      16%        2d11      26%         3
 Flame Wave               Conj/Fire      10%        2d6       56%         4


Dungeon Overview and Level Annotations

Branches:
Dungeon (1/1)

Altars:


Innate Abilities, Weirdness & Mutations

Your spellcasting is much less encumbered by armour.
You can use scrolls of enchantment on lesser artefacts.


Message History

You start resting.
Magic restored.
You see here a rat corpse.
You see here a rat corpse.
A human comes into view.
A scorpion comes into view.
The human shouts!
The scorpion attacks as it pursues you! The scorpion closely misses you.
A red film seems to cover your vision as you go berserk!
You feel yourself moving faster!
You feel mighty! The scorpion stings you.
You hit the scorpion.
The scorpion is lightly wounded.
The scorpion barely misses you.
You barely miss the scorpion.
The scorpion is lightly wounded.
The scorpion barely misses you.
You closely miss the scorpion.
The scorpion is lightly wounded.
The scorpion barely misses you.
You barely miss the scorpion.
The scorpion is lightly wounded.
The scorpion barely misses you.
You closely miss the scorpion.
The scorpion is lightly wounded.
The scorpion closely misses you.
You closely miss the scorpion.
The scorpion is lightly wounded.
The scorpion stings you.
You barely miss the scorpion.
The scorpion is lightly wounded.
The scorpion stings you.
You barely miss the scorpion.
The scorpion is lightly wounded.
The scorpion stings you but does no damage.
You closely miss the scorpion.
The scorpion is lightly wounded.
The scorpion stings you.
* * * LOW HITPOINT WARNING * * *
You closely miss the scorpion. The scorpion stings you.
You die...

▓..##.......# .#
▓##.##.##.†.# .#
##.##.###..# ..#
▓#.####.##..# ...+
▓.###..##.†##
#...# ▓#.....##..#
#....#
###..##...##.....#
##..##....#s.....#
#..###..##@#.....#
#..# #.. ####....#
▓▓▓▓ ▓▓▓ ▓▓▓▓▓


You could see a scorpion.

Vanquished Creatures
  An endoplasm (D)
  3 rats (D)
4 creatures vanquished.

Vanquished Creatures (others)
  9 foxfires (D)
9 creatures vanquished.

Grand Total: 13 creatures vanquished

Notes
Turn   | Place    | Note
-------+----------+-------------------------------------------
     0 | D        | rocky1 the Mountain Dwarf Fire Elementalist began the quest
                  | for the Orb.
     0 | D        | Reached XP level 1. HP: 14/14 MP: 3/3
    19 | D        | Reached skill level 4 in Fire Magic
    32 | D        | Reached skill level 1 in Conjurations
   111 | D        | Noticed a scorpion
   123 | D        | Slain by a scorpion

Illustrated notes

Levels and vault maps discovered:
D:        dungeon_sprint_mu [sprint_mu_entry_cave, sprint_mu_temple_rooms,
          sprint_mu_d1_spiders, sprint_mu_d2_genie, sprint_mu_d3_branching,
          sprint_mu_orc_legion, sprint_mu_elf_gauntlet, sprint_mu_hive_nellie,
          sprint_mu_lair_fedhas, sprint_mu_vaults_butterflies,
          sprint_mu_slime_circle, sprint_mu_swamp_cave, sprint_mu_snake_twists,
          sprint_mu_blade_basic, sprint_mu_crypt_fortress,
          sprint_mu_tomb_spiral, sprint_mu_vestibule_basic,
          sprint_mu_gehenna_hellfire, sprint_mu_dis_giant,
          sprint_mu_tartarus_statrot, sprint_mu_cocytus_islands, sprint_mu_zot1]

Skill      XL: |  1 |
---------------+----+-----
Spellcasting   | 2 |  2.2
Fire Magic     | 4 |  4.5
Conjurations   | 1 |  1.0
Fighting       | |  0.4
Axes           | |  0.2
Dodging        | |  1.3
Stealth        | |  1.4

Action                     || total
---------------------------++-------
  Melee: Hand axe          ||    10
   Cast: Foxfire           ||     5
    Use: Potion            ||     1
 Armour: Robe              ||     6
  Dodge: Dodged            ||     6

Table legend: (Time is in decaauts)
 A = Elapsed time spent in this place.
 B = Non-inter-level travel time spent in this place.
 C = Inter-level travel time spent in this place.
 D = Time resting spent in this place.
 E = Time spent auto-exploring this place.
 F = Levels seen in this place.
 G = Mean time per level.
                   A        B        C        D        E       F      G
               +--------+--------+--------+--------+--------+-----+--------+
         Total |    120 |    120 |      0 |     29 |     10 |   1 |  120.0 |
       Dungeon |    120 |    120 |      0 |     29 |     10 |   1 |  120.0 |
               +--------+--------+--------+--------+--------+-----+--------+

Top non-repeatable levels by time:
       D: 120 daAuts
